 Dungeon Crawl Stone Soup version 0.28.0-53-g5a82cb258f (webtiles) character file.

Game seed: 17655362542256881289

9272 Tiocfaidh the Protected (level 11, -8/84 HPs)
             Began as a Demonspawn Fighter on June 25, 2022.
             Was an Initiate of Gozag.
             Mangled by a freezing wraith (18 damage)
             ... on level 9 of the Dungeon on June 26, 2022.
             The game lasted 01:25:26 (16585 turns).

Tiocfaidh the Protected (Demonspawn Fighter)       Turns: 16585, Time: 01:25:27

Health: -8/84      AC: 11    Str: 21    XL:     11   Next: 20%
Magic:  11/11      EV: 11    Int:  9    God:    Gozag
Gold:   1976       SH:  0    Dex: 13    Spells: 10/10 levels left

rFire   . . .      SeeInvis .   g - +0 short sword (venom)
rCold   . . .      Faith    +   (no shield)
rNeg    . . .      Spirit   .   v - +0 chain mail
rPois   .          Reflect  .   (no helmet)
rElec   .          Harm     .   (no cloak)
rCorr   .          Rampage  .   (no gloves)
Will    .....                   (no boots)
Stlth   ..........              m - amulet of faith
HPRegen 0.24/turn               p - +4 ring of slaying
MPRegen 0.12/turn               o - ring of flight

@: flying
A: hooves 1, demonic guardian 2, powered by death 1, sturdy frame 2
a: Renounce Religion, Potion Petition, Call Merchant, Bribe Branch


You were on level 9 of the Dungeon.
You worshipped Gozag.
Gozag was most pleased with you.
You visited 2 branches of the dungeon, and saw 10 of its levels.
You also visited: Bailey.

You collected 2015 gold pieces.
You paid 39 gold pieces to Gozag.

Inventory:

Hand Weapons
 g - a +0 short sword of venom (weapon)
Missiles
 b - 8 poisoned darts
 e - 6 boomerangs (quivered)
 w - 3 silver javelins
 x - 3 javelins
 y - a curare-tipped dart
Armour
 c - a +1 buckler
 u - a +1 buckler of positive energy
 v - a +0 chain mail (worn)
Jewellery
 i - a ring of magical power
 m - an amulet of faith (around neck)
 o - a ring of flight (right hand)
 p - a +4 ring of slaying (left hand)
Wands
 d - a wand of acid (4)
 r - a wand of flame (14)
 s - a wand of iceblast (9)
Scrolls
 h - a scroll of fog
 j - 2 scrolls of silence
 n - 2 scrolls of teleportation
Potions
 f - a potion of magic
 k - a potion of degeneration {unknown}
 l - 2 potions of flight {unknown}
 q - a potion of heal wounds
 t - 2 potions of lignification {unknown}
 z - 3 potions of cancellation {unknown}
 A - a potion of attraction {unknown}
 B - 3 potions of brilliance {unknown}
 C - a potion of invisibility
 E - a potion of mutation {unknown}


   Skills:
 + Level 7.1 Fighting
 + Level 9.3 Short Blades
 + Level 2.2 Axes
 + Level 4.3 Throwing
 + Level 9.3 Armour
 + Level 3.8 Dodging
 + Level 2.6 Stealth
 + Level 4.6 Shields
 + Level 0.1 Evocations


You had 10 spell levels left.
You didn't know any spells.
Your spell library contained the following spells:

 Spells                   Type           Power      Damage    Failure   Level
 Freeze                   Ice            0%         1d3       75%         1
 Sting                    Tmut/Pois      0%         1d3       75%         1
 Poisonous Vapours        Pois/Air       0%         N/A       86%         2
 Frozen Ramparts          Ice            0%         1d2       98%         3
 Hailstorm                Conj/Ice       0%         3d3       100%        4
 Ice Form                 Ice/Tmut       0%         N/A       100%        4
 Olgreb's Toxic Radiance  Pois           0%         N/A       100%        4
 Petrify                  Tmut/Erth      0%         N/A       100%        4
 Summon Ice Beast         Ice/Summ       0%         N/A       100%        4
 Metabolic Englaciation   Hex/Ice        0%         N/A       100%        5
 Statue Form              Tmut/Erth      0%         N/A       100%        6


Dungeon Overview and Level Annotations

Branches:
Dungeon (9/15)             Temple (0/1) D:5            Lair (1/6) D:8
 Bailey (visited)
    Orc: D:9-12

Altars:
Ashenzari
Cheibriados
Dithmenos
Gozag
Hepliaklqana
Makhleb
Okawaru
Trog
Xom
Yredelemnul
Zin
The Shining One

Shops:
D:3 *   D:9 (

Annotations:
D:9 dornbeast's ghost, novice DrMo


Innate Abilities, Weirdness & Mutations

You have large cloven feet.
A demonic guardian rushes to your aid.
You regenerate a little health from kills.
Your movements are less encumbered by armour. (ER -4)


Message History

The centaur warrior unwields a +0 longbow.
The centaur warrior hits you!
The centaur warrior kicks you but does no damage.
As you read the scroll of fear, it crumbles to dust.
You assume a fearsome visage.
The freezing wraith is unaffected.
The centaur warrior looks frightened! x2; The freezing wraith hits you.
The freezing wraith freezes you!
A demonic guardian appears!
The freezing wraith hits you but does no damage.
Your surroundings suddenly seem different.
Found a scroll of teleportation.
Found 16 gold pieces.
The acid dragon roars!
The cyclops throws a large rock.
The large rock hits you! The acid dragon spits acid at you.
The splash of acid hits you! The acid corrodes you!
Found a gnarled runed staff.
There is an open door here.
Found 20 gold pieces.
The acid dragon spits acid at you. The splash of acid hits you!!
* * * LOW HITPOINT WARNING * * *
You are no longer corroded.
The freezing wraith hits you but does no damage.
The freezing wraith hits you.
You barely miss the freezing wraith.
You kick the freezing wraith, but do no damage.
The freezing wraith misses you. The freezing wraith barely misses you.
The freezing wraith hits you but does no damage.
The freezing wraith closely misses you. The freezing wraith hits you.
The freezing wraith freezes you!
* * * LOW HITPOINT WARNING * * *
The freezing wraith hits you.
* * * LOW HITPOINT WARNING * * *
A demonic guardian appears!
There is a stone staircase leading up, spattered with blood here.
The freezing wraith hits you.
* * * LOW HITPOINT WARNING * * *
The freezing wraith freezes you!!
You die...
Your body crumbles into a pile of gold.

#........# #..#
#.......(# #..#
#........# #..#
#........# #..#
##........# #..#
..........# #..#
..........# #..#
c.........# #..#
#.........#####.@#
#..............W.#
#.......<......4.#
#..........####..#
#..........# #..#
#..........# #..#
#..######..# #..#
#. #..# #..# #
#..# #..#


You could see a freezing wraith (ally target) and a friendly orange demon
(summoned).

Vanquished Creatures
  An orc knight (Bailey)
  A cane toad (Lair:1)
  A troll (D:8)
  A hornet (D:7)
  3 blink frogs (Lair:1)
  Sigmund (D:4)
  14 yaks
  2 wargs (D:8)
  6 water moccasins
  2 orc warriors
  A sky beast (D:6)
  A necrophage (D:7)
  3 centaurs
  An ogre (D:7)
  A phantom (D:5)
  A kobold brigand (D:9)
  5 bullfrogs
  A gnoll sergeant (D:8)
  4 scorpions
  A water moccasin zombie (D:6)
  2 wights (D:7)
  5 howler monkeys
  2 jellies (D:6)
  2 bullfrog zombies
  3 centaur zombies
  2 centaur skeletons
  6 orc priests
  Ijyb (D:3)
  Natasha (thrice) (D:4)
  An iguana (D:6)
  2 hell rats (D:7)
  8 orc wizards
  A scorpion zombie (D:5)
  A howler monkey zombie (D:7)
  17 gnolls
  2 adders
  A howler monkey skeleton (D:5)
  8 river rats (D:7)
  A shadow imp (D:6)
  2 white imps
  2 ufetubi
  A dart slug (D:4)
  38 orcs
  4 endoplasms
  3 giant cockroaches
  10 goblins
  5 hobgoblins
  10 jackals
  10 quokkas
  8 ball pythons
  4 bats
  4 frilled lizards
  11 kobolds
  19 rats
  A spectral orc (D:7)
251 creatures vanquished.

Vanquished Creatures (collateral kills)
  A polar bear (Lair:1)
  5 yaks
  A steam dragon (D:6)
  A warg (D:7)
  A water moccasin (Lair:1)
  An ogre (D:4)
  A bullfrog (Lair:1)
  An orc priest (D:8)
  An iguana (D:5)
  An orc wizard (D:8)
  An endoplasm (D:2)
  A goblin (D:2)
  2 jackals (D:2)
  3 rats
21 creatures vanquished.

Vanquished Creatures (others)
  A fungus (Lair:1)
  5 plants
6 creatures vanquished.

Grand Total: 278 creatures vanquished

Notes
Turn   | Place    | Note
-------+----------+-------------------------------------------
     0 | D:1      | Tiocfaidh the Demonspawn Fighter began the quest for the
                  | Orb.
     0 | D:1      | Reached XP level 1. HP: 18/18 MP: 1/1
    85 | D:1      | Gained mutation: A weak demonic guardian rushes to your
                  | aid. [demonic ancestry]
    85 | D:1      | Reached XP level 2. HP: 16/24 MP: 2/2
   709 | D:1      | Noticed a shining eye
   712 | D:1      | Found a faded altar of an unknown god.
   714 | D:1      | Noticed a shining eye
   715 | D:1      | Noticed a shining eye
   715 | D:1      | Noticed a floating eye
   860 | D:1      | Reached XP level 3. HP: 29/29 MP: 3/3
  1879 | D:2      | Gained mutation: Your movements are slightly less
                  | encumbered by armour. (ER -2) [demonic ancestry]
  1879 | D:2      | Reached XP level 4. HP: 36/36 MP: 4/4
  2407 | D:3      | Found an opulent altar of Gozag.
  2416 | D:3      | Became a worshipper of Gozag Ym Sagoz the Greedy
  2861 | D:3      | Noticed Ijyb
  2869 | D:3      | Killed Ijyb
  2870 | D:3      | Reached skill level 1 in Short Blades
  2893 | D:3      | Found Moaheek's General Store.
  3115 | D:3      | Found a hazy altar of Hepliaklqana.
  3566 | D:3      | Gained mutation: A demonic guardian rushes to your aid.
                  | [demonic ancestry]
  3566 | D:3      | Reached XP level 5. HP: 42/42 MP: 5/5
  3647 | D:3      | Reached skill level 1 in Dodging
  3984 | D:4      | Noticed an ogre
  3999 | D:4      | Killed an ogre
  4000 | D:4      | Reached XP level 6. HP: 11/48 MP: 6/6
  4314 | D:4      | Noticed Natasha
  4329 | D:4      | Killed Natasha
  4695 | D:4      | Noticed Sigmund
  4712 | D:4      | Killed Sigmund
  4732 | D:4      | Noticed Natasha
  4741 | D:4      | Killed Natasha
  4919 | D:4      | Noticed Natasha
  4928 | D:4      | Killed Natasha
  4929 | D:4      | Reached XP level 7. HP: 50/54 MP: 7/7
  4937 | D:5      | Entered Level 5 of the Dungeon
  5069 | D:5      | Reached skill level 5 in Armour
  5482 | D:5      | Found a staircase to the Ecumenical Temple.
  5776 | D:5      | Found a snail-covered altar of Cheibriados.
  5845 | D:5      | Reached skill level 1 in Stealth
  6141 | D:5      | Found a burning altar of Makhleb.
  6495 | D:6      | Noticed a steam dragon
  6525 | D:6      | Gained mutation: Your movements are less encumbered by
                  | armour. (ER -4) [demonic ancestry]
  6525 | D:6      | Reached XP level 8. HP: 45/61 MP: 8/8
  7129 | D:6      | Reached skill level 5 in Short Blades
  7129 | D:6      | Reached skill level 1 in Throwing
  7321 | D:6      | HP: 2/61 [steam dragon (2)]
  7323 | D:6      | Reached skill level 5 in Fighting
  7985 | D:7      | Gained mutation: You regenerate a little health from kills.
                  | [demonic ancestry]
  7985 | D:7      | Reached XP level 9. HP: 66/68 MP: 9/9
  8606 | D:7      | Paralysed by a hornet for 3 turns
  8943 | D:7      | Found a basalt altar of Yredelemnul.
  9004 | D:8      | Found a flagged portal.
  9290 | Bailey   | Entered a bailey
  9577 | Bailey   | Noticed an orc knight
  9584 | Bailey   | HP: 2/64 [orc knight/+0 halberd (21)]
  9592 | Bailey   | Killed an orc knight
 10094 | D:8      | Noticed a troll
 10109 | D:8      | Killed a troll
 10417 | D:8      | Reached XP level 10. HP: 52/76 MP: 10/10
 10555 | D:8      | Found a shimmering altar of Xom.
 10556 | D:8      | Found a shimmering altar of Xom.
 10556 | D:8      | Found a shimmering altar of Xom.
 11264 | D:8      | Found a bloodstained altar of Trog.
 11365 | D:8      | Noticed a spark wasp
 11374 | D:8      | Noticed a great orb of eyes
 11380 | D:8      | Noticed a faun
 11380 | D:8      | a great orb of eyes changed into a faun
 11452 | D:8      | Found a staircase to the Lair.
 12130 | Lair:1   | Entered Level 1 of the Lair of Beasts
 12732 | D:9      | Found Sicuh's Weapon Shop.
 12744 | D:9      | Noticed dornbeast's ghost (novice DrMo)
 12744 | D:9      | Identified the +10 giant club of Rowas {elec, rF+ rC- rN++}
 12744 | D:9      | Identified the +10 dire flail "Demonspawn's Death" {venom,
                  | rCorr Int-2 Dex+5}
 12744 | D:9      | Noticed a two-headed ogre
 12744 | D:9      | Noticed a two-headed ogre
 14296 | Lair:1   | Noticed a black mamba
 14846 | Lair:1   | Gained mutation: You have large cloven feet. [demonic
                  | ancestry]
 14846 | Lair:1   | Reached XP level 11. HP: 38/83 MP: 11/11
 15383 | Lair:1   | Noticed an eight-headed hydra
 16392 | D:9      | Found a broken altar of Ashenzari.
 16427 | D:9      | Found an iron altar of Okawaru.
 16446 | D:9      | Found a shadowy altar of Dithmenos.
 16483 | D:9      | Noticed a centaur warrior
 16484 | D:9      | Noticed a centaur warrior
 16585 | D:9      | Mangled by a freezing wraith

Illustrated notes

Levels and vault maps discovered:
D:1:      wheals_arrival_linesprint, layout_basic,
          hellmonk_ecumenical_altar_watching_god,
          nicolae_concentric_dashed_squares_wild
D:2:      layout_basic, minmay_randomly_rotated_circles
D:3:      layout_basic, lemuel_crystal_altar, worldfamousw_hep_ancestral_shrine,
          serial_shops, nicolae_lakefront_shop, lightli_corner_chamber,
          uniq_ijyb
D:4:      layout_layer_cave, mainiacjoe_overflow_small_starburst, uniq_natasha,
          uniq_sigmund
D:5:      layout_basic, nicolae_overflow_hidden_temple,
          minmay_temple_entry_drinking_statues, kennysheep_flooded_box
D:6:      layout_basic, serial_corexii_hall, corexii_hall_statues_t,
          chequers_hall_statues_wall_a, corexii_hall_statues_t,
          corexii_hall_statues_l, chequers_serial_rivers_room_a,
          kennysheep_generic_room_12
D:7:      lemuel_ratsnest, layout_rooms, yredelemnul_forgotten_temple_becter
D:8:      layout_basic, xom_shifter_show, mainiacjoe_overflow_alcove_1,
          erik_lair_orcish_takeover, enter_bailey_6, lemuel_flamethrower_1
D:9:      minmay_the_grid_octo_2x2 [minmay_the_grid_octo_odd_swirl,
          minmay_the_grid_octo_chip, minmay_the_grid_octo_shrine,
          minmay_the_grid_octo_prize_star], layout_long_grid, lemuel_tele_altar,
          zin_scriptorium, nicolae_overflow_crystal_walls,
          gammafunk_ghost_smash, serial_shops, shop
Lair:1:   layout_cellular_growth, lemuel_fruit_fields

Skill      XL: |  1  2  3  4  5  6  7  8  9 10 11 |
---------------+----------------------------------+-----
Shields        | 3 4 |  4.6
Axes           | 2 |  2.2
Armour         | 3 4 5 6 7 9 |  9.3
Short Blades   | 1 2 3 4 5 7 9 |  9.3
Dodging        | 1 2 3 |  3.8
Fighting       | 4 5 6 7 |  7.1
Stealth        | 1 2 |  2.6
Throwing       | 1 4 |  4.3
Evocations     | |  0.1

Action                   |  1- 3 |  4- 6 |  7- 9 | 10-12 || total
-------------------------+-------+-------+-------+-------++-------
Melee: War axe           |    17 |       |       |       ||    17
       Short sword       |    90 |    96 |   443 |   294 ||   923
       Punch             |       |       |       |     3 ||     3
       Kick              |       |       |       |    39 ||    39
Throw: Javelin           |       |     3 |     6 |       ||     9
       Boomerang         |       |       |    19 |    61 ||    80
Evoke: Wand              |       |       |     1 |     1 ||     2
  Use: Potion            |     1 |       |     5 |     6 ||    12
       Scroll            |       |       |    11 |     9 ||    20
 Stab: Distracted        |       |       |     2 |       ||     2
Armor: Scale mail        |    49 |    23 |       |       ||    72
       Chain mail        |       |     8 |   138 |   102 ||   248
Dodge: Dodged            |    59 |    30 |   158 |   147 ||   394
Block: Buckler           |    27 |    23 |    93 |     2 ||   145
